 Dungeon Crawl Stone Soup version 0.24-a0-462-ge24419a (webtiles) character file.

Game seed: 16325807686976821055

77 RagdollRavenno the Digger (level 4, 0/28 HPs)
             Began as an Octopode Earth Elementalist on July 1, 2019.
             Slain by an adder (4 damage)
             ... on level 3 of the Dungeon.
             The game lasted 00:03:30 (1533 turns).

RagdollRavenno the Digger (OpEE)                    Turns: 1533, Time: 00:03:31

Health: 0/28       AC:  1    Str:  7    XL:     4   Next: 34%
Magic:  16/17      EV: 13    Int: 18    God:
Gold:   125        SH:  0    Dex: 12    Spells: 1/8 levels left

rFire    . . .     SeeInvis .   g - +0 mace (curse)
rCold    . . .     Gourm    .   (no shield)
rNeg     . . .     Faith    .   (helmet restricted)
rPois    +         Spirit   .   (no amulet)
rElec    .         Reflect  .   d - ring of poison resistance
rCorr    .         Harm     .   k - ring of magical power
MR       .....                  (no ring)
Stlth    +++.......             (no ring)
HPRegen  0.09/turn              (no ring)
MPRegen  0.15/turn              (no ring)
                                (no ring)
                                (no ring)

@: no status effects
A: almost no armour, stealthy swim, amphibious, 8 rings, constrict 8, camouflage
1, gelatinous body 1
a: no special abilities


You were on level 3 of the Dungeon.
You were not hungry.

You visited 1 branch of the dungeon, and saw 3 of its levels.

You collected 125 gold pieces.

Inventory:

Hand Weapons
 g - a cursed +0 mace (weapon)
Missiles
 b - 93 stones (quivered)
Armour
 p - a +3 buckler
Jewellery
 d - a ring of poison resistance (left tentacle)
 k - a ring of magical power (right tentacle)
Wands
 o - a wand of digging (8)
Scrolls
 a - a scroll of enchant armour
 n - 2 scrolls of teleportation
Potions
 f - a potion of brilliance {unknown}
 h - a potion of ambrosia {unknown}
 i - a potion of curing {unknown}
 l - a potion of lignification {unknown}
Comestibles
 c - 6 rations


   Skills:
 * Level 1.3 Fighting
 * Level 2.1 Dodging
 + Level 3.0 Stealth
 * Level 2.6 Spellcasting
 * Level 1.4 Transmutations
 * Level 3.9 Earth Magic


You had one spell level left.
You knew the following spells:

 Your Spells              Type           Power        Failure   Level  Hunger
a - Sandblast             Erth           ###...       3%          1    #......
b - Petrify               Tmut/Erth      ##......     50%         4    #####..
z - Passwall              Tmut/Erth      ##......     9%          2    ##.....

Your spell library contained the following spells:

 Spells                   Type           Power        Failure   Level  Hunger
 Stone Arrow              Conj/Erth      #.....       22%         3    ###....
 Lee's Rapid Deconstruct  Erth           ###.......   67%         5    ######.


Dungeon Overview and Level Annotations

Branches:
Dungeon (3/15)

Altars:
Uskayaw


Innate Abilities, Weirdness & Mutations

You cannot wear most types of armour.
You are very stealthy in the water. (Stealth+)
You are amphibious.
You can wear up to eight rings at the same time.
You can use your tentacles to constrict eight enemies at once.
Your skin changes colour to match your surroundings (Stealth+).
Your rubbery body absorbs attacks. (AC +1, EV +1)


Message History

You constrict the dart slug. The jackal misses you.
A jackal comes into view.
The jackal closely misses you. The dart slug barely misses you.
The jackal barks!
You hit the dart slug.
You kill the dart slug!
Your Stealth skill increases to level 3!
The adder misses you. The jackal closely misses you.
The adder barely misses you.
You miss the adder. Your grab misses the adder. The jackal closely misses you.
The jackal bites you but does no damage.
The adder bites you.
The jackal bites you. x3; The adder bites you.
The jackal misses you. The jackal closely misses you. The jackal bites you.
The adder bites you.
* * * LOW HITPOINT WARNING * * *
The jackal misses you. The jackal bites you.
* * * LOW HITPOINT WARNING * * *
It was a potion of cancellation.
You feel magically purged. The adder bites you.
You die...

#..#####.#
#........###
#..#.......#
#..#.#####.#
#..#.# #.#
#..#.# #.#
#..#.# #.#
#..#.# # #.#
#.@#h#.###.#
#.Shh....#.#
#(......†#.#.#.#
#........#.#
#........# #
#........#
#........#
#.......[#
#.........


You could see an adder and 2 jackals.

Vanquished Creatures
  3 adders (D:2)
  2 worms (D:2)
  A dart slug (D:3)
  2 giant cockroaches
  8 goblins
  4 hobgoblins
  A kobold (D:1)
  3 quokkas (D:2)
  7 bats
  5 frilled lizards
  9 rats
45 creatures vanquished.

Notes
Turn   | Place    | Note
-------+----------+-------------------------------------------
     0 | D:1      | RagdollRavenno the Octopode Earth Elementalist began the
                  | quest for the Orb.
     0 | D:1      | Reached XP level 1. HP: 11/11 MP: 3/3
   380 | D:1      | Reached skill level 1 in Fighting
   380 | D:1      | Reached XP level 2. HP: 18/18 MP: 3/5
   394 | D:1      | Learned a level 2 spell: Passwall
   770 | D:2      | Reached XP level 3. HP: 20/23 MP: 6/6
  1139 | D:2      | Reached XP level 4. HP: 28/28 MP: 7/7
  1180 | D:2      | Learned a level 4 spell: Petrify
  1290 | D:2      | Found a hide-covered altar of Uskayaw.
  1533 | D:3      | Slain by an adder

Levels and vault maps discovered:
D:1:      scummos_arrival_star, layout_rooms
D:2:      layout_loops_ring, lemuel_crystal_altar, first_ration
D:3:      layout_basic, vehumet_crystals

Skill      XL: |  1  2  3  4 |
---------------+-------------+-----
Fighting       | 1 |  1.3
Stealth        | 3 |  3.0
Dodging        | |  2.1
Spellcasting   | |  2.6
Transmutations | |  1.4
Earth Magic    | |  3.9

Action                   |  1- 3 |  4- 6 || total
-------------------------+-------+-------++-------
Melee: Unarmed           |    40 |    12 ||    52
       Constrict         |    12 |     5 ||    17
       Tentacles         |     6 |     2 ||     8
       Spear             |       |     9 ||     9
       Mace              |       |     5 ||     5
 Cast: Sandblast         |    30 |     6 ||    36
  Use: Scroll            |     6 |     2 ||     8
       Potion            |       |     1 ||     1
 Stab: Sleeping          |     4 |     4 ||     8
  Eat: Chunk             |     1 |     1 ||     2
Armor: Skin              |     5 |     4 ||     9
Dodge: Dodged            |    31 |    28 ||    59

Table legend:
 A = Non-vault XP
 B = Vault XP
 C = Vault XP percentage of total XP
 D = Non-vault monster count
 E = Vault monster count
 F = Vault count percentage of total count
                 A         B        C        D         E       F
            +---------+---------+-------+---------+---------+-------
      Total |     111 |       0 |   0.0 |      45 |       0 |   0.0
            +---------+---------+-------+---------+---------+-------
        D:1 |      32 |       0 |   0.0 |      23 |       0 |   0.0
        D:2 |      72 |       0 |   0.0 |      19 |       0 |   0.0
        D:3 |       7 |       0 |   0.0 |       3 |       0 |   0.0
            +---------+---------+-------+---------+---------+-------
